 Dungeon Crawl Stone Soup version 0.26-a0-926-g43279f1ce9 (webtiles) character file.

Game seed: 4590760018080405567

1352 blobbo the Insei (level 8, -3/60 HPs)
             Began as a Yellow Draconian Transmuter on Nov 26, 2020.
             Was a Believer of Hepliaklqana.
             Killed by divine providence
             ... invoked by an orc priest
              (15 damage)
             ... on level 6 of the Dungeon.
             The game lasted 00:15:17 (8318 turns).

blobbo the Insei (Yellow Draconian Transmuter)      Turns: 8318, Time: 00:15:18

Health: -3/60      AC:  2    Str: 12    XL:     8   Next: 36%
Magic:  16/21      EV: 21    Int: 16    God:    Hepliaklqana [**....]
Gold:   313        SH:  0    Dex: 17    Spells: 3/13 levels left

rFire    . . .     SeeInvis .     - Unarmed
rCold    . . .     Faith    .   (shield currently unavailable)
rNeg     . . .     Spirit   .   (armour unavailable)
rPois    x         Reflect  .   (helmet currently unavailable)
rElec    .         Harm     .   (cloak currently unavailable)
rCorr    .         Rampage  .   (gloves currently unavailable)
MR       .....                  (boots currently unavailable)
Stlth    ++........             (no amulet)
HPRegen  0.20/turn              l - ring of wizardry
MPRegen  0.17/turn              r - ring of magical power

@: spider-form, wereblooded (expiring)
A: tiny, (spit acid), unfitting armour, reduced essence, AC +6
a: End Transformation, Recall Ancestor, Ancestor Identity, Renounce Religion


You were on level 6 of the Dungeon.
You worshipped Hepliaklqana.
Hepliaklqana was pleased with you.
You were a venomous arachnid creature.
You visited 1 branch of the dungeon, and saw 6 of its levels.
You also visited: Sewer.

You collected 313 gold pieces.

Inventory:

Hand Weapons
 o - a +3 dagger of venom (melded)
Magical Staves
 y - a cursed staff of earth {unknown}
Jewellery
 l - a ring of wizardry (left front leg)
 r - a ring of magical power (right front leg)
Wands
 B - a wand of flame (12)
Scrolls
 a - 5 scrolls of remove curse
 b - a scroll of magic mapping {unknown}
 c - 2 scrolls of identify
 k - 2 scrolls of random uselessness {unknown}
 m - 2 scrolls of fog
 n - 2 scrolls of enchant weapon
 p - a scroll of enchant armour {unknown}
 q - 8 scrolls of teleportation {unknown}
 s - 2 scrolls of amnesia {unknown}
 w - a scroll of noise {unknown}
Potions
 d - 2 potions of attraction {unknown}
 e - 9 potions of flight
 f - 2 potions of might
 g - a potion of lignification {unknown}
 h - 2 potions of magic {unknown}
 i - 8 potions of curing
 j - 2 potions of degeneration {unknown}
 t - a potion of brilliance {unknown}
 u - a potion of mutation {unknown}
 v - a potion of heal wounds {unknown}
 x - 2 potions of invisibility {unknown}
 z - a potion of haste {unknown}
 A - a potion of ambrosia {unknown}


   Skills:
 + Level 4.4 Fighting
 + Level 3.3 Dodging
 + Level 6.4 Unarmed Combat
 - Level 3.1 Spellcasting
 + Level 6.0 Transmutations
 - Level 2.0 Poison Magic


You had 3 spell levels left.
You knew the following spells:

 Your Spells              Type           Power        Failure   Level
a - Beastly Appendage     Tmut           ###...       2%          1
b - Wereblood             Tmut           ###.....     3%          2
c - Spider Form           Tmut/Pois      ###.......   11%         3
d - Ice Form              Ice/Tmut       ##......     36%         4

Your spell library contained the following spells:

 Spells                   Type           Power        Failure   Level
 Blade Hands              Tmut           ###.......   32%         5


Dungeon Overview and Level Annotations

Branches:
Dungeon (6/15)             Temple (0/1) D:4           Sewer (visited)

Altars:
Cheibriados
Hepliaklqana
Makhleb
Ru
Sif Muna
Vehumet
Yredelemnul
The Shining One


Innate Abilities, Weirdness & Mutations

((You can spit globs of acid.))
((Your golden yellow scales are hard. (AC +6)))
You cannot fit into any form of body armour.
((You are cold-blooded and may be slowed by cold attacks.))
((You are resistant to acid. (rCorr)))
Your life essence is reduced to manifest your ancestor. (-10% HP)


Message History

The orc warrior looks as sick as possible!
The orc warrior is severely wounded.
Your primal bloodlust is almost over.
The orc warrior hits you with a +0 halberd!
The orc priest misses you.
The orc hits Blöffg with a +0 dagger.
Blöffg points at the orc and mumbles some strange words.
The orc resists with significant effort.
You hit the orc warrior.
The orc warrior is almost dead.
The orc hits you with a +0 vorpal hand axe!
* * * LOW HITPOINT WARNING * * *
x2 The orc warrior closely misses you.
The orc priest completely misses you.
The orc hits Blöffg with a +0 dagger.
Blöffg barely misses the orc.
You barely miss the orc warrior.
The orc warrior is almost dead.
You kill the orc warrior!
The orc completely misses you.
The orc priest mumbles some strange prayers to Beogh against you.
Beogh smites you!
You die...

§.....................##
........!..............##
..................##....##
.....o.............#.....##
..§(................###...#
................)...####...
........)............# ##..
........oR...........###...
.........os..............#.
§........o)##.>........#.##
...........##...........###
.?........##............#.
..........................
..........................
###.................(.....
#.......................
#..................#<#..


You could see the friendly Blöffg the hexer, an orc priest (very poisoned,
drained) and 3 orcs.

Vanquished Creatures
  An orc warrior (D:6)
  An ogre (D:5)
  2 centaurs (D:6)
  3 howler monkeys
  A centaur zombie (D:5)
  3 orc wizards
  2 hounds
  2 orc priests (D:3)
  2 centaur skeletons (D:5)
  Jessica (D:3)
  Natasha (thrice) (D:3)
  An iguana (D:4)
  3 worker ants
  7 adders
  An ufetubus (D:5)
  4 oozes
  5 worms
  10 dart slugs (D:3)
  3 leopard geckos
  3 orcs
  10 giant cockroaches
  6 goblins
  5 hobgoblins
  9 jackals
  2 quokkas (D:4)
  3 ball pythons
  10 bats
  4 frilled lizards
  8 kobolds
  2 leopard gecko skeletons (D:5)
  A quokka skeleton (D:5)
  6 rats
124 creatures vanquished.

Vanquished Creatures (collateral kills)
  A hornet zombie (D:6)
  A bullfrog (D:5)
  An orc priest (D:4)
  A jelly (D:5)
  An iguana (D:6)
  A white imp (D:5)
  2 oozes (Sewer)
  A worm (Sewer)
  3 orcs
  2 giant cockroaches
  A hobgoblin (D:3)
  A jackal (Sewer)
  3 bats (Sewer)
  A frilled lizard (D:4)
  A quokka skeleton (D:5)
21 creatures vanquished.

Vanquished Creatures (others)
  An ancestor (D:5)
  2 orcs (D:5)
  2 jackals (D:2)
5 creatures vanquished.

Grand Total: 150 creatures vanquished

Notes
Turn   | Place    | Note
-------+----------+-------------------------------------------
     0 | D:1      | blobbo the Draconian Transmuter began the quest for the
                  | Orb.
     0 | D:1      | Reached XP level 1. HP: 16/16 MP: 3/3
     2 | D:1      | Learned a level 1 spell: Beastly Appendage
   312 | D:1      | Reached XP level 2. HP: 22/23 MP: 3/5
   539 | D:1      | Learned a level 2 spell: Wereblood
  1092 | D:2      | Reached XP level 3. HP: 21/28 MP: 4/6
  1847 | D:2      | Found a glowing golden altar of the Shining One.
  2230 | D:2      | Found a radiant altar of Vehumet.
  2283 | D:2      | Reached XP level 4. HP: 21/35 MP: 7/7
  3617 | D:3      | Reached XP level 5. HP: 40/40 MP: 7/9
  3743 | D:3      | Noticed Jessica
  3749 | D:3      | Killed Jessica
  3872 | D:3      | Found a sacrificial altar of Ru.
  3872 | D:3      | Found a snail-covered altar of Cheibriados.
  3873 | D:3      | Found a hazy altar of Hepliaklqana.
  3880 | D:3      | Became a worshipper of Hepliaklqana the Forgotten
  3899 | D:3      | Noticed Natasha
  3905 | D:3      | Killed Natasha
  4060 | D:3      | Found a shimmering blue altar of Sif Muna.
  4082 | D:3      | Noticed Natasha
  4090 | D:3      | Killed Natasha
  4091 | D:3      | Reached XP level 6. HP: 24/42 MP: 8/10
  4267 | D:3      | Noticed Natasha
  4273 | D:3      | Killed Natasha
  4491 | D:4      | Learned a level 3 spell: Spider Form
  4563 | D:4      | Learned a level 4 spell: Ice Form
  4595 | D:4      | Reached skill level 5 in Unarmed Combat
  4675 | D:3      | Reached skill level 1 in Poison Magic
  4961 | D:4      | Found a staircase to the Ecumenical Temple.
  5025 | D:4      | Your scales start taking on a golden yellow colour.
  5025 | D:4      | Reached XP level 7. HP: 44/49 MP: 11/11
  5025 | D:4      | Gained mutation: You are resistant to acid. (rCorr) [Yellow
                  | Draconian growth]
  5367 | D:5      | Entered Level 5 of the Dungeon
  5464 | D:5      | Reached skill level 5 in Transmutations
  5583 | D:5      | Found a glowing golden altar of the Shining One.
  5604 | D:5      | Found a basalt altar of Yredelemnul.
  5610 | D:5      | Noticed a profane servitor
  5696 | D:5      | Found a glowing drain.
  5755 | D:5      | Reached * piety under Hepliaklqana
  5765 | Sewer    | Entered a sewer
  6931 | D:5      | Found a burning altar of Makhleb.
  7125 | D:5      | Reached XP level 8. HP: 48/59 MP: 12/12
  7182 | D:5      | Reached ** piety under Hepliaklqana
  7420 | D:5      | Noticed an angel
  7760 | D:6      | Remembered your ancestor Blöffg as a hexer
  8318 | D:6      | Killed from afar by an orc priest

Illustrated notes

Levels and vault maps discovered:
D:1:      grunt_arrival_crossed_arrows, layout_loops_cross
D:2:      layout_loops_corners, fiery_altar_vehumet, tso_metal_star
D:3:      kennysheep_slugbush, layout_loops_ring, led_sif_pool,
          chequers_temple_overflow_statue_of_worship, hangedman_decor_riveting,
          uniq_jessica, uniq_natasha
D:4:      layout_rooms, minmay_temple_entry_statues_fountains,
          hangedman_decor_points, lemuel_old_faithful
D:5:      layout_cave_pods, grunt_temple_overflow_holy_war,
          nicolae_overflow_crystal_walls, nicolae_ossuary_entry_false_entrances,
          cheibrodos_sewer_entry_drain
D:6:      layout_layer_cave, nrook_uturn, minmay_tree_intersection, uniq_pikel

Skill      XL: |  1  2  3  4  5  6  7  8 |
---------------+-------------------------+-----
Transmutations | 3 4 5 6 |  6.0
Unarmed Combat | 4 5 6 |  6.4
Spellcasting   | 3 |  3.1
Poison Magic   | 1 2 |  2.0
Fighting       | 2 3 4 |  4.4
Dodging        | 2 3 |  3.3

Action                   |  1- 3 |  4- 6 |  7- 9 || total
-------------------------+-------+-------+-------++-------
Melee: Unarmed           |   124 |    86 |    93 ||   303
       Kick              |    10 |    16 |     3 ||    29
       Tailslap          |     9 |    12 |     5 ||    26
       Punch             |     2 |     2 |     1 ||     5
       Headbutt          |     9 |    16 |       ||    25
       Dagger            |       |    33 |    68 ||   101
 Cast: Beastly Appendage |    29 |    19 |     1 ||    49
       Wereblood         |     3 |     2 |     3 ||     8
       Spider Form       |       |       |    15 ||    15
Invok: Ancestor Identity |       |     1 |       ||     1
       Ancestor Life: He |       |       |     1 ||     1
 Abil: Breathe Acid      |       |       |     4 ||     4
  Use: Potion            |     1 |       |     1 ||     2
       Scroll            |       |     5 |       ||     5
 Stab: Distracted        |       |       |     2 ||     2
       Sleeping          |       |       |     1 ||     1
Armor: Skin              |    48 |    24 |    28 ||   100
Dodge: Dodged            |    91 |    71 |   190 ||   352

Table legend: (Time is in decaauts)
 A = Elapsed time spent in this place.
 B = Non-inter-level travel time spent in this place.
 C = Inter-level travel time spent in this place.
 D = Time resting spent in this place.
 E = Time spent auto-exploring this place.
 F = Levels seen in this place.
 G = Mean time per level.
                   A        B        C        D        E       F      G
               +--------+--------+--------+--------+--------+-----+--------+
         Total |   8482 |   8212 |    270 |   1425 |   5500 |   7 | 1211.7 |
       Dungeon |   7627 |   7357 |    270 |   1425 |   4906 |   6 | 1271.2 |
         Sewer |    855 |    855 |      0 |      0 |    593 |   1 |  855.0 |
               +--------+--------+--------+--------+--------+-----+--------+

Top non-repeatable levels by time:
     D:2: 2364 daAuts
     D:5: 1378 daAuts
     D:3: 1356 daAuts
     D:1: 947 daAuts
     D:6: 861 daAuts
   Sewer: 855 daAuts
     D:4: 717 daAuts
